 Dungeon Sprint DCSS version 0.30-a0-465-g8901f6c8b5 (webtiles) character file.

Game seed: 10570680855348732157

1624 mhtbhm the Impaler (level 8, -33/72 HPs)
             Began as a Merfolk Fighter on Dec 18, 2022.
             Was a Priest of Trog.
             Annihilated by a boulder beetle (45 damage)
             ... in the Dungeon (Sprint IX: "|||||||||||||||||||||||||||||").
             The game lasted 00:01:51 (800 turns).

mhtbhm the Impaler (Merfolk Fighter)                 Turns: 800, Time: 00:01:51

Health: -33/72     AC: 11    Str: 18    XL:     8   Next: 97%
Magic:  8/8        EV: 13    Int: 11    God:    Trog [***...]
Gold:   0          SH:  6    Dex: 13    Spells: 7/7 levels left

rFire   . . .      SeeInvis .    a - +0 trident
rCold   . . .      Faith    .    c - +0 buckler
rNeg    . . .      Spirit   .    b - +2 ring mail
rPois   .          Reflect  .    (no helmet)
rElec   .          Harm     .    l - +0 cloak
rCorr   .          Rampage  .    (no gloves)
Will    .....      NoTele   +    (no boots)
Stlth   +.........               (no amulet)
HPRegen 0.32/turn                m - +2 ring of protection
MPRegen 0.11/turn                n - +3 ring of intelligence

@: on berserk cooldown, slowed, very slow
A: (nimble swimmer 2), mertail
a: Renounce Religion, Berserk, Trog's Hand


You were in the Dungeon.
You worshipped Trog.
Trog was most pleased with you.
You visited 1 branch

Inventory:

Hand Weapons
 a - a +0 trident (weapon)
Armour
 b - a +2 ring mail (worn)
 c - a +0 buckler (worn)
 l - a +0 cloak (worn)
Jewellery
 m - a +2 ring of protection (left hand)
 n - a +3 ring of intelligence (right hand)
Wands
 k - a wand of iceblast (8)
Potions
 d - a potion of might
 e - 5 potions of curing
 g - a potion of haste
 h - 4 potions of magic
 i - a potion of invisibility


   Skills:
 + Level 9.9 Fighting
 + Level 15.8 Polearms
 + Level 7.1 Armour
 + Level 6.1 Dodging
 + Level 0.2 Stealth
 + Level 8.1 Shields
 + Level 1.5 Evocations


You had 7 spell levels left.
You didn't know any spells.
Your spell library was empty.

Dungeon Overview and Level Annotations

Branches:
Dungeon (1/1)

Altars:
Cheibriados
Dithmenos
Elyvilon
Fedhas
Gozag
Hepliaklqana
Kikubaaqudgha
Makhleb
Nemelex Xobeh
Okawaru
Qazlal
Ru
Sif Muna
Trog
Uskayaw
Vehumet
Wu Jian
Xom
Yredelemnul
Zin
The Shining One
Jiyva
Lugonu


Innate Abilities, Weirdness & Mutations

((You are very nimble when in or above water. (Stealth+, EV+, Speed+++)))
Your lower body shifts to a powerful aquatic tail in water.


Message History

The boulder beetle bites you.
You are too injured to fight recklessly!
You are too injured to fight recklessly!
You are too injured to fight recklessly!
You are too injured to fight recklessly!
You are too injured to fight recklessly!
You are too injured to fight recklessly!
You are too injured to fight recklessly!
You are too injured to fight recklessly!
You are too injured to fight recklessly!
You are too injured to fight recklessly!
You are too injured to fight recklessly!
You are too injured to fight recklessly!
You are too injured to fight recklessly!
You are too injured to fight recklessly!
You are too injured to fight recklessly!
You are too injured to fight recklessly!
Okay, then.
You hit the boulder beetle but do no damage.
The boulder beetle is heavily wounded.
The boulder beetle bites you!!
* * * LOW HITPOINT WARNING * * *
Unknown command.
You feel much better. The boulder beetle bites you!
The boulder beetle bites you!!
* * * LOW HITPOINT WARNING * * *
Unknown command.
Blink to where?
Press: ? - help, Dir - move target, p - boulder beetle
As you read the scroll of blinking, it crumbles to dust.
As you open the door, it creaks loudly!
The boulder beetle curls into a ball and begins rolling!
There is an open door here.
Blink to where?
Press: ? - help, Dir - move target
As you read the scroll of blinking, it crumbles to dust.
There is an open door here.
The boulder beetle hits you!!!
Ouch! That really hurt!
You die... ▓▓ .▓ ▓▓▓▓▓▓▓▓▓▓▓▓▓▓▓▓▓▓▓▓▓▓▓▓▓▓.▓ '.?).[[...))....@B○°°°..'§.▓ ▓▓▓▓▓▓▓▓▓▓▓▓▓▓▓▓▓▓▓▓▓▓▓▓▓▓▓▓

You could see a boulder beetle (rolling).

Vanquished Creatures
  An ugly thing (D)
  2 cyclopes (D)
  A yak (D)
  A steam dragon (D)
  A gnoll bouda (D)
  An iguana (D)
  3 orc wizards (D)
  An adder (D)
  A worm (D)
  A dart slug (D)
  An orc (D)
  A ball python (D)
  2 hobgoblins (D)
  A kobold (D)
  A rat (D)
19 creatures vanquished.

Vanquished Creatures (others)
  An orc wizard (D)
1 creature vanquished.

Grand Total: 20 creatures vanquished

Notes
Turn   | Place    | Note
-------+----------+-------------------------------------------
     0 | D        | mhtbhm the Merfolk Fighter began the quest for the Orb.
     0 | D        | Reached XP level 1. HP: 18/18 MP: 1/1
    16 | D        | Reached skill level 3 in Polearms
   122 | D        | Noticed an iguana
   128 | D        | Reached XP level 2. HP: 25/25 MP: 2/2
   134 | D        | Reached skill level 4 in Polearms
   134 | D        | Reached XP level 3. HP: 32/32 MP: 3/3
   136 | D        | Reached skill level 5 in Fighting
   136 | D        | Reached skill level 1 in Dodging
   144 | D        | Found a snail-covered altar of Cheibriados.
   144 | D        | Found a shadowy altar of Dithmenos.
   144 | D        | Found a white marble altar of Elyvilon.
   144 | D        | Found a blossoming altar of Fedhas.
   144 | D        | Found an opulent altar of Gozag.
   145 | D        | Found a hazy altar of Hepliaklqana.
   146 | D        | Found a viscous altar of Jiyva.
   147 | D        | Found an ancient bone altar of Kikubaaqudgha.
   148 | D        | Found a corrupted altar of Lugonu.
   149 | D        | Found a burning altar of Makhleb.
   150 | D        | Found a sparkling altar of Nemelex Xobeh.
   151 | D        | Found an iron altar of Okawaru.
   152 | D        | Found a stormy altar of Qazlal.
   153 | D        | Found a sacrificial altar of Ru.
   154 | D        | Found a shimmering blue altar of Sif Muna.
   155 | D        | Found a bloodstained altar of Trog.
   156 | D        | Found a hide-covered altar of Uskayaw.
   157 | D        | Found a radiant altar of Vehumet.
   158 | D        | Found an ornate altar of the Wu Jian Council.
   159 | D        | Found a shimmering altar of Xom.
   160 | D        | Found a basalt altar of Yredelemnul.
   161 | D        | Found a glowing silver altar of Zin.
   162 | D        | Found a glowing golden altar of the Shining One.
   163 | D        | Became a worshipper of Trog the Wrathful
   221 | D        | Noticed a yak
   221 | D        | Noticed a steam dragon
   226 | D        | Reached skill level 5 in Polearms
   226 | D        | Reached XP level 4. HP: 39/39 MP: 4/4
   226 | D        | Reached * piety under Trog
   227 | D        | Reached skill level 6 in Polearms
   227 | D        | Reached skill level 5 in Shields
   245 | D        | Killed a yak
   246 | D        | Reached skill level 9 in Polearms
   246 | D        | Reached XP level 5. HP: 45/48 MP: 5/5
   246 | D        | Reached XP level 6. HP: 52/55 MP: 6/6
   249 | D        | Reached skill level 5 in Armour
   257 | D        | Killed a steam dragon
   257 | D        | Reached ** piety under Trog
   258 | D        | Reached skill level 11 in Polearms
   258 | D        | Reached skill level 1 in Evocations
   452 | D        | Noticed a cyclops
   452 | D        | Noticed a boulder beetle
   452 | D        | Noticed a boulder beetle
   452 | D        | Noticed a white ugly thing
   452 | D        | Noticed a cyclops
   458 | D        | Killed a cyclops
   459 | D        | Reached skill level 13 in Polearms
   459 | D        | Reached XP level 7. HP: 63/63 MP: 7/7
   464 | D        | Killed a white ugly thing
   465 | D        | Reached skill level 14 in Polearms
   465 | D        | Reached skill level 5 in Dodging
   465 | D        | Reached XP level 8. HP: 71/71 MP: 8/8
   473 | D        | Killed a cyclops
   474 | D        | Reached skill level 15 in Polearms
   476 | D        | Reached *** piety under Trog
   800 | D        | Annihilated by a boulder beetle

Illustrated notes

Levels and vault maps discovered:
D:        linesprint [early_d, line_temple, items_1, d_10, items_2, lair_1,
          lair_end, items_3, orc_1, orc_end, items_4, d_15, swamp_1, shoals_1,
          snake_1, spider_1, d_20, vaults_1, items_5, swamp_end, shoals_end,
          snake_end, spider_end, vaults_end, d_27, items_6, zot_1, zot_end,
          crypt_end, forest_end, elf_end, slime_end, tomb_end, abyss_end,
          pan_hell_end]

Skill      XL: |  1  2  3  4  5  6  7  8 |
---------------+-------------------------+-----
Polearms       | 3 4 5 9 13 14 15 | 15.8
Fighting       | 4 5 7 8 9 |  9.9
Armour         | 3 4 6 7 |  7.1
Shields        | 4 6 7 8 |  8.1
Dodging        | 1 2 4 5 6 |  6.1
Evocations     | 1 |  1.5
Stealth        | |  0.2

Action                   |  1- 3 |  4- 6 |  7- 9 || total
-------------------------+-------+-------+-------++-------
Melee: Trident           |    29 |    29 |    60 ||   118
Invok: Berserk           |       |     2 |     2 ||     4
Evoke: Wand              |     1 |     1 |       ||     2
  Use: Potion            |     1 |     2 |     1 ||     4
       Scroll            |       |       |     2 ||     2
Armor: Scale mail        |     7 |       |       ||     7
       Ring mail         |     2 |     7 |     5 ||    14
Dodge: Dodged            |     5 |    10 |    14 ||    29
Block: Buckler           |     5 |     3 |     6 ||    14

Table legend: (Time is in decaauts)
 A = Elapsed time spent in this place.
 B = Non-inter-level travel time spent in this place.
 C = Inter-level travel time spent in this place.
 D = Time resting spent in this place.
 E = Time spent auto-exploring this place.
 F = Levels seen in this place.
 G = Mean time per level.
                   A        B        C        D        E       F      G
               +--------+--------+--------+--------+--------+-----+--------+
         Total |    813 |    813 |      0 |    571 |      0 |   1 |  813.0 |
       Dungeon |    813 |    813 |      0 |    571 |      0 |   1 |  813.0 |
               +--------+--------+--------+--------+--------+-----+--------+

Top non-repeatable levels by time:
       D: 813 daAuts
